 Dungeon Crawl Stone Soup version 0.17.1-3-g152610e (webtiles) character file.

40 azaza322 the Skirmisher (level 3, 0/24 HPs)
             Began as a Gargoyle Fighter on Apr 3, 2016.
             Slain by azaza322's ghost (5 damage)
             ... on level 3 of the Dungeon.
             The game lasted 00:02:47 (1006 turns).

azaza322 the Skirmisher (Gargoyle Fighter)          Turns: 1006, Time: 00:02:47

Health: 0/24       AC: 11    Str: 20    XL:     3   Next: 50%
Magic:  3/3        EV:  7    Int:  8    God:
Gold:   114        SH:  9    Dex:  9    Spells: 0 memorised, 2 levels left

rFire  + . .     SeeInvis .     n - +1 mace (crush)
rCold  . . .     Clarity  .     b - +0 scale mail
rNeg   + + .     SustAt   .     c - +0 shield
rPois  ∞         Gourm    .     g - +0 helmet
rElec  +         Spirit   .     (no cloak)
rCorr  .         Warding  .     (no gloves)
rMut   .         Stasis   .     (no boots)
MR     .....                    (no amulet)
Stlth  ..........               m - ring of positive energy
                                i - ring of protection from fire

@: not resistant to hostile enchantments, extremely unstealthy
A: negative energy resistance 1, electricity resistance, unbreathing,
petrification resistance, rot immunity, AC +3
a: no special abilities


You were on level 3 of the Dungeon.
You were hungry.

You visited 1 branch of the dungeon, and saw 3 of its levels.

You collected 114 gold pieces.

Inventory:

Hand Weapons
 a - a +0 flail
 n - a +1 mace of crushing (weapon)
Armour
 b - a +0 scale mail (worn)
 c - a +0 shield (worn)
 g - a +0 helmet (worn)
Jewellery
 i - a ring of protection from fire (left hand)
 m - a ring of positive energy (right hand)
Scrolls
 j - a scroll of enchant armour {unknown}
 k - a scroll of fog {unknown}
 p - a scroll of amnesia {unknown}
 q - a scroll of teleportation {unknown}
 r - a scroll of random uselessness {unknown}
Potions
 d - a potion of might
 h - a potion of cure mutation {unknown}
 l - 2 potions of cancellation {unknown}
 o - a potion of curing {unknown}
Comestibles
 e - a bread ration
 f - 2 beef jerkies


   Skills:
 + Level 3.8 Fighting
 + Level 2.2 Maces & Flails
 + Level 3.5 Armour
 + Level 0.7 Dodging
 + Level 3.8 Shields


You had 2 spell levels left.
You didn't know any spells.

Dungeon Overview and Level Annotations

Branches:
Dungeon (3/15)

Altars:
Kikubaaqudgha
Yredelemnul

Annotations:
D:3 azaza322's ghost, amateur GrFi


Innate Abilities, Weirdness & Mutations

You are resistant to torment.
Your stone body is resilient (AC +3).
You are immune to poison.
You resist negative energy.
You are resistant to electric shocks.
You can survive without breathing.
You are immune to petrification.
You are immune to rotting.


Message History

You hit azaza322's ghost but do no damage.
Azaza322's ghost is moderately damaged.
Azaza322's ghost hits you.
* * * LOW HITPOINT WARNING * * *
You hit azaza322's ghost but do no damage.
Azaza322's ghost is moderately damaged.
You block azaza322's ghost's attack.
Azaza322's ghost hits you but does no damage.
You hit azaza322's ghost but do no damage.
Azaza322's ghost is moderately damaged.
Azaza322's ghost barely misses you.
You hit azaza322's ghost but do no damage.
Azaza322's ghost is moderately damaged.
Azaza322's ghost hits you.
* * * LOW HITPOINT WARNING * * *
Azaza322's ghost hits you but does no damage.
You hit azaza322's ghost.
Azaza322's ghost is heavily damaged.
Azaza322's ghost hits you.
You die...

.. ....#..#.#..#
#.##..#..#.#..#
#...#.#.##.#..#
#..........#..#
#.####.########
#............
#.##..####### #.#.
##.#########
##....##>W@.......
......?.##########
..#..#...# ..)
.....# # .....#..
....... ...
....... ...#
#...... ....
....... .#...


You could see azaza322's ghost.

Vanquished Creatures
  3 giant geckos
  6 bats
  A giant cockroach (D:1)
  10 goblins
  A hobgoblin (D:1)
  4 jackals (D:1)
  4 kobolds
  A ball python (D:1)
  6 rats
36 creatures vanquished.

Notes
Turn   | Place    | Note
--------------------------------------------------------------
     0 | D:1      | azaza322 the Gargoyle Fighter began the quest for the Orb.
     0 | D:1      | Reached XP level 1. HP: 14/14 MP: 1/1
    53 | D:1      | Reached XP level 2. HP: 12/19 MP: 2/2
   270 | D:1      | Reached XP level 3. HP: 20/23 MP: 3/3
   469 | D:2      | Found an ancient bone altar of Kikubaaqudgha.
   980 | D:3      | Found a basalt altar of Yredelemnul.
   985 | D:3      | Noticed azaza322's ghost (amateur GrFi)
  1006 | D:3      | Slain by azaza322's ghost

Action                   || total
-------------------------++-------
Melee: Flail             ||    56
       Mace              ||    47
